 Dungeon Sprint DCSS version 0.28.0 (webtiles) character file.

Game seed: 9998260595700520359

438 AmazingTV the Fighter (level 7, -5/88 HPs)
             Began as an Ogre Berserker on July 29, 2022.
             Was an Elder of Trog.
             Slain by a komodo dragon (20 damage)
             ... in the Dungeon (Sprint IX: "|||||||||||||||||||||||||||||").
             The game lasted 00:03:57 (230 turns).

AmazingTV the Fighter (Ogre Berserker)               Turns: 230, Time: 00:03:58

Health: -5/88      AC: 12    Str: 24    XL:     7   Next: 1%
Magic:  1/7        EV: 11    Int: 11    God:    Trog [****..]
Gold:   0          SH:  0    Dex:  8    Spells: 6/6 levels left

rFire   . . .      SeeInvis .   l - +2 halberd (protect) {polearm}
rCold   . . .      Faith    .   (shield currently unavailable)
rNeg    . . .      Spirit   .   b - +0 animal skin
rPois   .          Reflect  .   (helmet restricted)
rElec   .          Harm     .   (no cloak)
rCorr   .          Rampage  .   (gloves unavailable)
Will    ++...      NoTele   +   (boots unavailable)
Stlth   +.........              (no amulet)
HPRegen 1.24/turn               q - +2 ring of protection
MPRegen 0.10/turn               r - +3 ring of intelligence

@: strong-willed (expiring), under a protective aura, on berserk cooldown,
regenerating (expiring), slowed, very slow
A: large, unfitting armour, tough skin 1
a: Renounce Religion, Berserk, Trog's Hand, Brothers in Arms


You were in the Dungeon.
You worshipped Trog.
Trog was greatly pleased with you.
You visited 1 branch


Innate Abilities, Weirdness & Mutations

You are too large for most types of armour.
You have tough skin. (AC +1)


   Skills:
 + Level 11.1 Fighting
 + Level 2.8(6.1) Axes
 + Level 8.6(9.0) Polearms
 + Level 2.8(6.1) Staves
 + Level 7.8 Dodging


You had 6 spell levels left.
You didn't know any spells.
Your spell library was empty.

Inventory:

Hand Weapons
 a - a +0 spear {polearm}
 j - a +2 scimitar of flaming {long}
   (You found it in the Dungeon)
 k - a +4 quarterstaff of speed {staff}
   (You found it in the Dungeon)
 l - a +2 halberd of protection (weapon) {polearm}
   (You found it in the Dungeon)
 m - a +2 vorpal morningstar {mace}
   (You found it in the Dungeon)
 n - a +3 war axe of freezing {axe}
   (You found it in the Dungeon)
 o - a +2 rapier of distortion {!wshort}
   (You found it in the Dungeon)
Armour
 b - a +0 animal skin (worn)
Jewellery
 q - a +2 ring of protection (left hand)
   (You found it in the Dungeon)
 r - a +3 ring of intelligence (right hand)
   (You found it in the Dungeon)
Wands
 p - a wand of iceblast (10)
   (You found it in the Dungeon)
Scrolls
 h - 2 scrolls of blinking {!r}
Potions
 c - 5 potions of curing {@q1}
 d - 2 potions of heal wounds {@q2}
 e - a potion of haste {@q3}
 f - 4 potions of magic
 g - a potion of berserk rage {!q}
 i - a potion of invisibility

Dungeon Overview and Level Annotations

Branches:
Dungeon (1/1)

Altars:
Cheibriados
Dithmenos
Elyvilon
Fedhas
Gozag
Hepliaklqana
Kikubaaqudgha
Makhleb
Nemelex Xobeh
Okawaru
Qazlal
Ru
Sif Muna
Trog
Uskayaw
Vehumet
Wu Jian
Xom
Yredelemnul
Zin
The Shining One
Beogh
Jiyva
Lugonu

▓.▓
▓?▓
▓.▓
▓.▓
▓[▓
▓[▓
▓[▓
▓.▓
▓@▓
▓l▓
▓y▓
▓T▓
▓.▓
▓.▓
▓.▓
▓.▓


You could see a komodo dragon, a troll and a killer bee.


Message History

Aim: an orc warrior, wielding a +0 antimagic glaive and wearing a +0 chain mail (moderately wounded, about 36% to evade your +0 spear)
You reach to attack!
You barely miss the orc warrior.
Reach: a) +0 spear {polearm}
Press: ? - help, Dir - move target, f/p - orc warrior
Aim: an orc warrior, wielding a +0 antimagic glaive and wearing a +0 chain mail (moderately wounded, about 36% to evade your +0 spear)
You reach to attack!
You puncture the orc warrior!
The orc warrior hits you from afar with a +0 antimagic glaive! 😮 HP[-15]
You take 15 damage, and now have 66/118 hp.
Reach: a) +0 spear {polearm}
Press: ? - help, Dir - move target, f/p - orc warrior
Aim: an orc warrior, wielding a +0 antimagic glaive and wearing a +0 chain mail (heavily wounded, about 36% to evade your +0 spear)
You reach to attack!
You hit the orc warrior.
Reach: a) +0 spear {polearm}
Press: ? - help, Dir - move target, f/p - orc warrior
Aim: an orc warrior, wielding a +0 antimagic glaive and wearing a +0 chain mail (severely wounded, about 36% to evade your +0 spear)
You reach to attack!
You closely miss the orc warrior. 😮 HP[+1] Reach: a) +0 spear {polearm}
Press: ? - help, Dir - move target, f/p - orc warrior
Aim: an orc warrior, wielding a +0 antimagic glaive and wearing a +0 chain mail (severely wounded, about 36% to evade your +0 spear)
You reach to attack!
You completely miss the orc warrior.
The orc warrior hits you from afar with a +0 antimagic glaive. 😮 HP[-4]
You take 4 damage, and now have 63/118 hp.
Reach: a) +0 spear {polearm}
Press: ? - help, Dir - move target, f/p - orc warrior
Aim: an orc warrior, wielding a +0 antimagic glaive and wearing a +0 chain mail (severely wounded, about 36% to evade your +0 spear)
You reach to attack!
You hit the orc warrior.
Reach: a) +0 spear {polearm}
Press: ? - help, Dir - move target, f/p - orc warrior
Aim: an orc warrior, wielding a +0 antimagic glaive and wearing a +0 chain mail (almost dead, about 36% to evade your +0 spear)
You reach to attack!
You closely miss the orc warrior. The orc warrior closely misses you.
Reach: a) +0 spear {polearm}
Press: ? - help, Dir - move target, f/p - orc warrior
Aim: an orc warrior, wielding a +0 antimagic glaive and wearing a +0 chain mail (almost dead, about 36% to evade your +0 spear)
You reach to attack!
You hit the orc warrior.
Reach: a) +0 spear {polearm}
Press: ? - help, Dir - move target, f/p - orc warrior
Aim: an orc warrior, wielding a +0 antimagic glaive and wearing a +0 chain mail (almost dead, about 36% to evade your +0 spear)
You reach to attack!
You hit the orc warrior.
You kill the orc warrior!
Trog accepts your kill.
Your Fighting skill increases to level 11!
Your base Axes skill increases to level 2!
Your base Staves skill increases to level 2!
You have reached level 7! 😮 HP[+8]
You now have 132 max hp (+14).
You regained 8 hp, and now have 71/132 hp.
Your +2 halberd of protection {polearm} hums with potential!
l - a +2 halberd of protection (weapon)
{polearm}
Okay, then.
Reach: l) +2 halberd (protect) {polearm}
Press: ? - help, Dir - move target, f - komodo dragon
Aim: a komodo dragon (about 31% to evade your +2 halberd of protection)
You reach to attack!
You barely miss the komodo dragon.
Reach: l) +2 halberd (protect) {polearm}
Press: ? - help, Dir - move target, f/p - komodo dragon
Aim: a komodo dragon (about 31% to evade your +2 halberd of protection)
Okay, then.
You completely miss the komodo dragon. You puncture the komodo dragon!
Your weapon exudes an aura of protection.
The komodo dragon bites you!!
* * * LOW HITPOINT WARNING * * *
😨 HP[-20]
You take 20 damage, and now have 51/132 hp.
You barely miss the komodo dragon. The komodo dragon bites you!
* * * LOW HITPOINT WARNING * * *
😨 HP[-10]
You take 10 damage, and now have 41/132 hp.
You hit the komodo dragon. You hit the komodo dragon.
You are no longer berserk.
You are exhausted.
You feel yourself slow down.
The komodo dragon completely misses you. 😨 HP[-14]
You now have 88 max hp (-44).
Okay, then.
Your skin crawls.
You feel strong-willed. The komodo dragon bites you!!
* * * LOW HITPOINT WARNING * * *
The komodo dragon closely misses you. 😱 HP[-23] MP[+1]
You take 23 damage, and now have 4/88 hp.
MASSIVE DAMAGE!! (PAUSE)
You have 0 gold pieces.
You feel much better.
You feel the effects of Trog's Hand fading.
The komodo dragon bites you!
* * * LOW HITPOINT WARNING * * *
😱 HP[+9]
You regained 9 hp, and now have 13/88 hp.
You hit the komodo dragon but do no damage.
The komodo dragon bites you!!
You die...

Skill      XL: |  1  2  3  4  5  6 |
---------------+-------------------+-----
Dodging        | 5 6 7 |  7.8
Fighting       | 7 9 10 11 | 11.1
Polearms       | 5 7 8 |  8.6
Axes           | 2 |  2.8
Staves         | 2 |  2.8

Action                   |  1- 3 |  4- 6 |  7- 9 || total
-------------------------+-------+-------+-------++-------
Melee: Spear             |    14 |    35 |       ||    49
       Halberd           |       |       |     7 ||     7
Invok: Berserk           |     1 |     1 |       ||     2
       Trog's Hand       |       |       |     1 ||     1
  Use: Potion            |       |       |     1 ||     1
Armor: Animal skin       |     2 |     2 |       ||     4
Dodge: Dodged            |     5 |     4 |     2 ||    11

Levels and vault maps discovered:
D:        linesprint [early_d, line_temple, items_1, d_10, items_2, lair_1,
          lair_end, items_3, orc_1, orc_end, items_4, d_15, swamp_1, shoals_1,
          snake_1, spider_1, d_20, vaults_1, items_5, swamp_end, shoals_end,
          snake_end, spider_end, vaults_end, d_27, items_6, zot_1, zot_end,
          crypt_end, forest_end, elf_end, slime_end, tomb_end, abyss_end,
          pan_hell_end]

Notes
Turn   | Place    | Note
-------+----------+-------------------------------------------
     0 | D        | AmazingTV the Ogre Berserker began the quest for the Orb.
     0 | D        | Reached XP level 1. HP: 24/24 MP: 1/1
     0 | D        | magus.rc [v1.9.6]
     9 | D        | Reached ** piety under Trog
    10 | D        | Reached skill level 3 in Dodging
    44 | D        | Noticed a sky beast
    44 | D        | Noticed a necrophage
    44 | D        | Noticed a sky beast
    49 | D        | Killed a sky beast
    50 | D        | Reached skill level 7 in Fighting
    50 | D        | Reached skill level 5 in Polearms
    50 | D        | Reached skill level 5 in Dodging
    50 | D        | Reached XP level 2. HP: 41/41 MP: 2/2
    50 | D        | Reached XP level 3. HP: 48/48 MP: 3/3
    50 | D        | Reached XP level 4. HP: 57/57 MP: 4/4
    58 | D        | Killed a necrophage
    58 | D        | Reached *** piety under Trog
    59 | D        | Reached skill level 9 in Fighting
    59 | D        | Reached skill level 7 in Polearms
    59 | D        | Reached skill level 6 in Dodging
    59 | D        | Reached XP level 5. HP: 67/67 MP: 5/5
    62 | D        | Killed a sky beast
    63 | D        | Reached skill level 10 in Fighting
    63 | D        | Reached skill level 7 in Dodging
    63 | D        | Reached XP level 6. HP: 78/78 MP: 6/6
    65 | D        | Reached skill level 8 in Polearms
   150 | D        | Found a snail-covered altar of Cheibriados.
   150 | D        | Found a shadowy altar of Dithmenos.
   150 | D        | Found a white marble altar of Elyvilon.
   150 | D        | Found a blossoming altar of Fedhas.
   150 | D        | Found an opulent altar of Gozag.
   151 | D        | Found a hazy altar of Hepliaklqana.
   152 | D        | Found a viscous altar of Jiyva.
   153 | D        | Found an ancient bone altar of Kikubaaqudgha.
   154 | D        | Found a corrupted altar of Lugonu.
   155 | D        | Found a burning altar of Makhleb.
   156 | D        | Found a sparkling altar of Nemelex Xobeh.
   157 | D        | Found an iron altar of Okawaru.
   158 | D        | Found a stormy altar of Qazlal.
   159 | D        | Found a sacrificial altar of Ru.
   160 | D        | Found a shimmering blue altar of Sif Muna.
   161 | D        | Found a bloodstained altar of Trog.
   162 | D        | Found a hide-covered altar of Uskayaw.
   163 | D        | Found a radiant altar of Vehumet.
   164 | D        | Found an ornate altar of the Wu Jian Council.
   165 | D        | Found a shimmering altar of Xom.
   166 | D        | Found a basalt altar of Yredelemnul.
   167 | D        | Found a glowing silver altar of Zin.
   168 | D        | Found a glowing golden altar of the Shining One.
   194 | D        | Noticed an orc warrior
   194 | D        | Noticed a komodo dragon
   194 | D        | Noticed a troll
   206 | D        | Reached **** piety under Trog
   210 | D        | Reached skill level 1 in Axes
   210 | D        | Reached skill level 1 in Staves
   220 | D        | Killed an orc warrior
   221 | D        | Reached skill level 11 in Fighting
   221 | D        | Reached skill level 2 in Axes
   221 | D        | Reached skill level 2 in Staves
   221 | D        | Reached XP level 7. HP: 71/88 MP: 0/7
   228 | D        | HP: 4/88 [komodo dragon (25)]
   230 | D        | Slain by a komodo dragon

Vanquished Creatures
  2 sky beasts (D)
  An orc warrior (D)
  A necrophage (D)
  A wight (D)
  An orc wizard (D)
  An adder (D)
  A dart slug (D)
  An orc (D)
  A ball python (D)
  A bat (D)
  A frilled lizard (D)
  A rat (D)
13 creatures vanquished.

Table legend:
 A = Non-vault XP
 B = Vault XP
 C = Vault XP percentage of total XP
 D = Non-vault monster count
 E = Vault monster count
 F = Vault count percentage of total count
                 A         B        C        D         E       F
            +---------+---------+-------+---------+---------+-------
      Total |       0 |     626 | 100.0 |       0 |      13 | 100.0
            +---------+---------+-------+---------+---------+-------
          D |       0 |     626 | 100.0 |       0 |      13 | 100.0
            +---------+---------+-------+---------+---------+-------

Illustrated notes

Table legend:
 A = Kills in this place as a percentage of kills in entire the game.
 B = Kills by you in this place as a percentage of kills by you in the entire game.
 C = Kills by friends in this place as a percentage of kills by friends in the entire game.
 D = Other kills in this place as a percentage of other kills in the entire game.
 E = Experience gained in this place as a percentage of experience gained in the entire game.
 F = Experience gained in this place divided by the number of levels of this place that you have seen.
                   A       B       C       D       E      F
               +-------+-------+-------+-------+-------+----------------------
         Total | 100.0 | 100.0 |   N/A |   N/A | 100.0 | 626.0
       Dungeon | 100.0 | 100.0 |   N/A |   N/A | 100.0 | 626.0
               +-------+-------+-------+-------+-------+----------------------

Table legend: (Time is in decaauts)
 A = Elapsed time spent in this place.
 B = Non-inter-level travel time spent in this place.
 C = Inter-level travel time spent in this place.
 D = Time resting spent in this place.
 E = Time spent auto-exploring this place.
 F = Levels seen in this place.
 G = Mean time per level.
                   A        B        C        D        E       F      G
               +--------+--------+--------+--------+--------+-----+--------+
         Total |    223 |    223 |      0 |    117 |      0 |   1 |  223.0 |
       Dungeon |    223 |    223 |      0 |    117 |      0 |   1 |  223.0 |
               +--------+--------+--------+--------+--------+-----+--------+

Top non-repeatable levels by time:
       D: 223 daAuts
